 Dungeon Crawl Stone Soup version 0.19.0-19-g8c6edcc (webtiles) character file.

386 Jannitor the Ducker (level 6, -2/48 HPs)
             Began as a Demonspawn Gladiator on Nov 14, 2016.
             Was a Follower of Uskayaw.
             Slain by a hippogriff (4 damage)
             ... on level 5 of the Dungeon.
             The game lasted 00:06:26 (3391 turns).

Jannitor the Ducker (Demonspawn Gladiator)          Turns: 3391, Time: 00:06:28

Health: -2/48      AC:  4    Str: 16    XL:     6   Next: 48%
Magic:  6/6        EV: 20    Int:  9    God:    Uskayaw [*.....]
Gold:   160        SH:  0    Dex: 20    Spells: 0 memorised, 5 levels left

rFire  . . .     SeeInvis .     t - +0 long sword (flame)
rCold  . . .     Gourm    .     b - +0 leather armour
rNeg   . . .     Faith    .     (no shield)
rPois  .         Spirit   .     c - +0 helmet
rElec  .         Reflect  .     (no cloak)
rCorr  .         Harm     .     (no gloves)
MR     .....                    (no boots)
Stlth  +++.......               (no amulet)
                                (no ring)
                                (no ring)

@: agile
A: talons 1, powered by pain 1, rot immunity
a: Stomp, Renounce Religion


You were on level 5 of the Dungeon.
You worshipped Uskayaw.
Uskayaw was noncommittal.
You were hungry.

You visited 2 branches of the dungeon, and saw 7 of its levels.

You collected 160 gold pieces.

Inventory:

Hand Weapons
 a - a +0 long sword
 t - a +0 long sword of flaming (weapon)
Missiles
 d - 3 throwing nets (quivered)
Armour
 b - a +0 leather armour (worn)
 c - a +0 helmet (worn)
Jewellery
 p - an uncursed ring of resist corrosion {unknown}
Scrolls
 g - 2 scrolls of enchant armour {unknown}
 h - 4 scrolls of identify {unknown}
 i - a scroll of enchant weapon {unknown}
 j - 2 scrolls of random uselessness {unknown}
 k - 2 scrolls of noise {unknown}
 n - 2 scrolls of recharging {unknown}
 q - 2 scrolls of remove curse {unknown}
Potions
 e - a potion of cure mutation
Comestibles
 f - 2 bread rations
 l - a meat ration
 m - 2 chunks of flesh
 o - 2 slices of pizza
 s - a beef jerky


   Skills:
 + Level 4.1 Fighting
 + Level 4.2 Long Blades
 - Level 1.7 Throwing
 + Level 4.7 Dodging


You had 5 spell levels left.
You didn't know any spells.

Dungeon Overview and Level Annotations

Branches:
Dungeon (6/15)             Temple (1/1) D:5

Altars:
Ashenzari
Cheibriados
Dithmenos
Fedhas
Hepliaklqana
Kikubaaqudgha
Makhleb
Nemelex Xobeh
Qazlal
Trog
Uskayaw
Vehumet
Xom
Yredelemnul
Zin
The Shining One

Annotations:
D:2 Sigmund
D:4 Gaplan's ghost, amateur MiGl


Innate Abilities, Weirdness & Mutations

You have sharp toenails.
You sometimes gain a little power by taking damage.
You are immune to rotting.


Message History

a mace; a leopard gecko corpse You hit the hippogriff.
You burn the hippogriff. Your kick misses the hippogriff.
The hippogriff is lightly wounded.
The orc wizard gestures at you while chanting.
The magic dart hits you! The hippogriff closely misses you. x2
The hippogriff barely misses you.
You feel agile all of a sudden. The orc wizard hits you with a dagger.
The hippogriff bites you!
* * * LOW HITPOINT WARNING * * *
The hippogriff completely misses you. x2
Unknown command.
You barely miss the hippogriff.
The hippogriff is lightly wounded.
The orc wizard misses you.
You riposte.
You barely miss the orc wizard. Your kick misses the orc wizard.
The hippogriff bites you!
* * * LOW HITPOINT WARNING * * *
The hippogriff pecks you but does no damage.
The hippogriff claws you.
You die...

###
##.#############
#..............#
##o###########.#
#@# #.# ## #H#
#>###. #[#
#.##.. #.#
#....# #.#
####.. #.# ##.
#.# #########.
#.# .....[....
#.......#
#####....


You could see a hippogriff and an orc wizard.

Vanquished Creatures
  Menkaure (D:4)
  A howler monkey (D:4)
  A crimson imp (D:5)
  An orc wizard (D:4)
  Robin (D:3)
  2 gnolls (D:4)
  2 adders
  2 oozes
  An adder skeleton (D:4)
  3 worms (D:3)
  2 dart slugs
  3 leopard geckos
  9 orcs
  A ball python (D:5)
  8 bats
  7 giant cockroaches
  9 hobgoblins
  4 jackals (D:3)
  A quokka (D:1)
  2 frilled lizards
  12 goblins
  4 kobolds
  6 rats
83 creatures vanquished.

Notes
Turn   | Place    | Note
-------+----------+-------------------------------------------
     0 | D:1      | Jannitor the Demonspawn Gladiator began the quest for the Orb.
     0 | D:1      | Reached XP level 1. HP: 16/16 MP: 1/1
   181 | D:1      | Gained mutation: You are immune to rotting. [demonic ancestry]
   181 | D:1      | Reached XP level 2. HP: 16/22 MP: 2/2
   781 | D:2      | Noticed Sigmund
   783 | D:2      | Gained mutation: You sometimes gain a little power by taking damage. [demonic ancestry]
   783 | D:2      | Reached XP level 3. HP: 28/28 MP: 3/3
   817 | D:3      | Noticed Robin
   843 | D:3      | Killed Robin
  1185 | D:3      | Reached XP level 4. HP: 25/34 MP: 4/4
  1542 | D:3      | Found a sparkling altar of Nemelex Xobeh.
  2295 | D:4      | Noticed Menkaure
  2305 | D:4      | Killed Menkaure
  2305 | D:4      | Gained mutation: You have sharp toenails. [demonic ancestry]
  2305 | D:4      | Reached XP level 5. HP: 41/41 MP: 5/5
  2411 | D:4      | Noticed Gaplan's ghost (amateur MiGl)
  2431 | D:4      | Reached XP level 6. HP: 24/48 MP: 6/6
  2497 | D:4      | Found a blossoming altar of Fedhas.
  2502 | D:5      | Entered Level 5 of the Dungeon
  2531 | D:5      | HP: 2/48 [crimson imp (2)]
  2558 | D:5      | Found a bloodstained altar of Trog.
  2852 | D:5      | Found a staircase to the Ecumenical Temple.
  2856 | Temple   | Entered the Ecumenical Temple
  3088 | Temple   | Became a worshipper of Uskayaw the Reveler
  3152 | D:4      | Reached * piety under Uskayaw
  3155 | D:4      | Noticed a hippogriff
  3391 | D:5      | HP: 2/48 [hippogriff (7)]
  3391 | D:5      | Slain by a hippogriff

Skill      XL: |  1  2  3  4  5  6 |
---------------+-------------------+-----
Dodging        | 3 4 |  4.7
Long Blades    | 3 4 |  4.2
Fighting       | 3 4 |  4.1
Throwing       | |  1.7

Action                   |  1- 3 |  4- 6 || total
-------------------------+-------+-------++-------
Melee: Long sword        |   102 |   153 ||   255
       Kick              |       |    16 ||    16
  Use: Potion            |     1 |     6 ||     7
  Eat: Chunk             |     1 |     7 ||     8
Armor: Leather armour    |    32 |    47 ||    79
Dodge: Dodged            |    77 |   132 ||   209
       Rpst.: Long sword |    19 |    26 ||    45
